 Seeded DCSS version 0.29.1-15-g9cfb28693d (webtiles) character file.

Game seed: 16245865983455551772 (custom seed)

4 Atreus the Trooper (level 1, 14/20 HPs)
             Began as a Minotaur Berserker on Mar 7, 2023.
             Was a Follower of Trog.
             Quit the game on level 1 of the Dungeon.
             The game lasted 00:00:48 (95 turns).

Atreus the Trooper (Minotaur Berserker)               Turns: 95, Time: 00:00:48

Health: 14/20      AC:  2    Str: 21    XL:     1   Next: 50%
Magic:  0/0        EV: 12    Int:  4    God:    Trog [*.....]
Gold:   868        SH:  0    Dex:  9    Spells: 0/0 levels left

rFire   . . .      SeeInvis .   a - +0 spear
rCold   . . .      Faith    .   (no shield)
rNeg    . . .      Spirit   .   b - +0 animal skin
rPois   .          Reflect  .   (helmet restricted)
rElec   .          Harm     .   (no cloak)
rCorr   .          Rampage  .   (no gloves)
Will    .....                   (no boots)
Stlth   +.........              (no amulet)
HPRegen 0.06/turn               (no ring)
MPRegen 0.07/turn               (no ring)

@: no status effects
A: horns 2, retaliatory headbutt
a: Renounce Religion, Berserk


You were on level 1 of the Dungeon.
You worshipped Trog.
Trog was aware of your devotion.
You visited 1 branch of the dungeon, and saw 1 of its levels.

You collected 868 gold pieces.

Inventory:

Hand Weapons
 a - a +0 spear (weapon)
Armour
 b - a +0 animal skin (worn)
 d - the +2 cloak of Kleptomania {rPois Str+3}
   (You acquired it on level 1 of the Dungeon)

   Str:       It affects your strength (+3).
   rPois:     It protects you from poison.
Scrolls
 c - a scroll of acquirement


   Skills:
 + Level 3.8 Fighting
 + Level 3.8 Polearms
 - Level 2.4 Armour
 - Level 2.1 Dodging


You couldn't memorise any spells.
You didn't know any spells.
Your spell library was empty.

Dungeon Overview and Level Annotations

Branches:
Dungeon (1/15)

Altars:


Innate Abilities, Weirdness & Mutations

You have a pair of horns on your head.
You reflexively headbutt those who attack you in melee.


Message History

Trog accepts your kill.
The quokka twitches its whiskers.
You hit the quokka.
The quokka is moderately wounded.
The quokka bites you.
You closely miss the quokka. Your headbutt misses the quokka.
The quokka is moderately wounded.
The quokka barely misses you. The quokka misses you. The endoplasm freezes you.
You are frozen.
A red film seems to cover your vision as you go berserk!
You feel yourself moving faster!
You feel mighty! The quokka bites you. The endoplasm hits you.
The quokka bites you.
You puncture the endoplasm!
You kill the endoplasm!
Trog accepts your kill.
You puncture the quokka!
You kill the quokka!
Trog accepts your kill.
You see here a quokka corpse.
You start resting.
You feel a strong urge to attack something.
You start resting.
You feel your anger nearly subside.
You are no longer berserk.
You are exhausted.
You feel yourself slow down.
Found 3 scrolls labelled WAC GOIFOFITOUPLEC.
You start resting.
You feel yourself speed up.
You start resting.
You recover from your berserk rage.
c - 3 scrolls labelled WAC GOIFOFITOUPLEC
There are no items here.
This is a scroll of acquirement!
Something appears at your feet!
d - the +2 cloak of Kleptomania {rPois Str+3} Something appears at your feet!
You now have 868 gold pieces.
Are you sure you want to abandon this character and quit the game? (Confirm with "yes".)

# .# #.#
######..###
#.@........
.......#..#.....
#.##...#..# ...
#...###.## #
#... #..# ...#
#..# ##.## ....
#..#.r #..#
....#
#.##...##.##
....# #....
#..#.....#


There were no monsters in sight!

Vanquished Creatures
  An endoplasm (D:1)
  A goblin (D:1)
  A quokka (D:1)
3 creatures vanquished.

Notes
Turn   | Place    | Note
-------+----------+-------------------------------------------
     0 | D:1      | Atreus the Minotaur Berserker began the quest for the Orb.
     0 | D:1      | Reached XP level 1. HP: 19/19 MP: 0/0
    91 | D:1      | Identified 3 scrolls of acquirement
    91 | D:1      | Acquired the +2 cloak of Kleptomania {rPois Str+3}
    93 | D:1      | Acquired 868 gold pieces
    95 | D:1      | Quit the game

Illustrated notes

Levels and vault maps discovered:
D:1:      minmay_arrival_hallway, layout_loops_corners, basic_ecumenical_altar,
          minmay_unequal

Action                   || total
-------------------------++-------
Melee: Spear             ||     6
Invok: Berserk           ||     1
  Use: Scroll            ||     2
Dodge: Dodged            ||     3
